 Dungeon Crawl Stone Soup version 0.31-a0-484-g30e62f8 (webtiles) character file.

Game seed: 521330506315512213

1172 Dawnplanks the Skirmisher (level 8, -3/39 HPs)
             Began as a Spriggan Hexslinger on July 30, 2023.
             Was a Follower of Okawaru.
             Killed from afar by an electric eel (8 damage)
             ... with a bolt of electricity
             ... on level 7 of the Dungeon on Aug 7, 2023.
             The game lasted 00:15:57 (4992 turns).

Dawnplanks the Skirmisher (Spriggan Hexslinger)     Turns: 4992, Time: 00:15:58

Health: -3/39      AC:  6    Str:  4    XL:     8   Next: 18%
Magic:  11/11      EV: 18    Int: 15    God:    Okawaru [*.....]
Gold:   260        SH:  0    Dex: 19    Spells: 9/10 levels left

rFire   . . .        a - +1 sling
rCold   . . .        (no shield)
rNeg    . . .        c - +0 robe
rPois   .            (helmet restricted)
rElec   .            (no cloak)
rCorr   .            (gloves unavailable)
SInv    +            (boots unavailable)
Will    +....        t - amulet of regeneration
Stlth   ++           s - +4 ring of protection
HPRegen 1.06/turn    u - ring of flight
MPRegen 0.12/turn

%: no passive effects
@: flying, very quick
A: very small, no large weapons, unfitting armour, see invisible, speed 3, horns
1
a: Renounce Religion, Heroism


You were on level 7 of the Dungeon.
You worshipped Okawaru.
Okawaru was aware of your devotion.
You visited 2 branches of the dungeon, and saw 8 of its levels.

You collected 260 gold pieces.

Inventory:

Hand Weapons
 a - a +1 sling (weapon)
Armour
 c - a +0 robe (worn)
Jewellery
 s - a +4 ring of protection (left hand)
 t - an amulet of regeneration (around neck)
 u - a ring of flight (right hand)
 v - a ring of protection from fire
Wands
 g - a wand of polymorph (4)
Scrolls
 b - 2 scrolls of poison
 f - a scroll of fear {unknown}
 n - 3 scrolls of teleportation {unknown}
 p - a scroll of acquirement {unknown}
 r - 3 scrolls of amnesia {unknown}
 w - a scroll of fog {unknown}
 x - 2 scrolls of immolation {unknown}
Potions
 d - 3 potions of curing
 e - a potion of heal wounds
 h - 2 potions of might
 i - 2 potions of brilliance
 j - 4 potions of enlightenment
 k - 2 potions of resistance
 m - a potion of ambrosia
 q - a potion of invisibility


   Skills:
 + Level 2.5 Fighting
 * Level 8.8 Ranged Weapons
 + Level 3.3 Dodging
 + Level 1.0 Stealth
 + Level 1.8 Spellcasting
 - Level 3.9 Hexes
 * Level 2.1 Invocations


You had 9 spell levels left.
You knew the following spells:

 Your Spells              Type           Power      Damage    Failure   Level
a - Slow                  Hex            52%        N/A       4%          1

Your spell library contained the following spells:

 Spells                   Type           Power      Damage    Failure   Level
 Inner Flame              Hex/Fire       7%         N/A       30%         3
 Portal Projectile        Hex/Tloc       14%        N/A       30%         3
 Cause Fear               Hex            6%         N/A       41%         4
 Stone Arrow              Conj/Erth      2%         3d7       56%         3
 Iskenderun's Mystic Bla  Conj/Tloc      1%         2d3       92%         4
 Manifold Assault         Tloc           1%         N/A       92%         4
 Passage of Golubria      Tloc           1%         N/A       92%         4
 Yara's Violent Unravell  Hex/Tmut       3%         3d4       96%         5
 Dispersal                Tloc           0%         N/A       100%        6
 Disjunction              Tloc           0%         N/A       100%        8
 Lehudib's Crystal Spear  Conj/Erth      0%         10d2      100%        8
 Tukima's Dance           Hex            Unusable   N/A       N/A         3
 Animate Armour           Summ/Erth      Unusable   N/A       N/A         4

Dungeon Overview and Level Annotations

Branches:
Dungeon (7/15)             Temple (1/1) D:4

Altars:
Cheibriados
Dithmenos
Elyvilon
Fedhas
Gozag
Hepliaklqana
Makhleb
Okawaru
Qazlal
Ru
Sif Muna
Trog
Yredelemnul
Zin
The Shining One

Shops:
D:1 =

Annotations:
D:3 2 transporters, Dega's ghost, amateur SpHu


Innate Abilities, Weirdness & Mutations

You are very small and have problems with some larger weapons.
You are too small for most types of armour.
You have supernaturally acute eyesight. (SInv)
You cover ground extremely quickly. (Speed+++)
You have a pair of small horns on your head.


Message History

You shoot a sling bullet. The sling bullet hits the electric eel.
The electric eel is moderately wounded.
You shoot a sling bullet.
The sling bullet closely misses the electric eel.
You shoot a sling bullet.
The sling bullet misses the electric eel.
You shoot a sling bullet. The sling bullet hits the electric eel.
The electric eel is severely wounded.
The electric eel shoots out a bolt of lightning at you!
The bolt of electricity hits you!
You shoot a sling bullet. The sling bullet hits the electric eel.
The electric eel is almost dead.
The electric eel shoots out a bolt of lightning at you!
The bolt of electricity misses you.
You shoot a sling bullet.
The sling bullet hits the electric eel but does no damage.
The electric eel is almost dead.
You shoot a sling bullet.
The sling bullet closely misses the electric eel.
An electric eel comes into view.
You shoot a sling bullet.
The sling bullet misses the electric eel.
The electric eel shoots out a bolt of lightning at you!
The bolt of electricity hits you!
Fire: a) +1 sling
Press: ? - help, Q - select action, (/) - cycle Shift-Dir - straight line, f/p - electric eel
Aim: an electric eel (water, almost dead, 50% to hit)
You shoot a sling bullet. The sling bullet hits the electric eel.
You kill the electric eel!
Okawaru accepts your kill.
The electric eel shoots out a bolt of lightning at you!
The bolt of electricity hits you!
* * * LOW HITPOINT WARNING * * *
There is an open door here.
There is an open door here.
The electric eel shoots out a bolt of lightning at you!
The bolt of electricity hits you!
* * * LOW HITPOINT WARNING * * *
The bolt of electricity hits you!
You die...

≈≈ #≈≈# ≈≈# ##+#
≈#+#≈≈###≈≈#
##...#≈≈≈≈≈≈≈≈≈≈#
##.....#S≈≈≈≈≈≈≈#
##.....)...##.#.##
#.........###....##
+.........'.......#
#...>.....###....##
#........@.....##
##.....#.###.#.#
##!..##.# #.....
##'###.# ###.#.#
#.# #.#### .#.#
#.###..... # #
##......)..
##...######.###
##.....#........


You could see an electric eel.

Vanquished Creatures
  2 ogres
  A phantom (D:6)
  A kobold brigand (D:6)
  3 scorpions
  An electric eel (D:7)
  2 hounds
  2 orc priests (D:5)
  3 iron imps (D:3)
  A jelly (D:5)
  A sleepcap (D:5)
  Terence (D:3)
  2 iguanas
  4 orc wizards
  8 adders
  A shadow imp (D:5)
  A white imp (D:6)
  2 ufetubi (D:5)
  2 worms
  2 dart slugs
  18 orcs
  5 ball pythons
  A bat (D:1)
  11 endoplasms
  5 giant cockroaches
  12 goblins
  4 hobgoblins
  6 quokkas
  3 frilled lizards
  13 kobolds
  6 rats
124 creatures vanquished.

Notes
Turn   | Place    | Note
-------+----------+-------------------------------------------
     0 | D:1      | Dawnplanks the Spriggan Hexslinger began the quest for the
                  | Orb.
     0 | D:1      | Reached XP level 1. HP: 9/9 MP: 3/3
   155 | D:1      | Reached XP level 2. HP: 14/14 MP: 5/5
   203 | D:1      | Upgraded the game from 0.31-a0-426-g3a05650 to
                  | 0.31-a0-484-g30e62f8
   226 | D:1      | Found a faded altar of an unknown god.
   427 | D:1      | Found Xaskibo's One-of-a-Kind Rings.
   577 | D:1      | Reached skill level 3 in Ranged Weapons
   843 | D:2      | Reached XP level 3. HP: 17/17 MP: 6/6
  1016 | D:2      | Reached skill level 1 in Fighting
  1311 | D:3      | Reached XP level 4. HP: 3/22 MP: 7/7
  1313 | D:2      | HP: 1/22 [poisoned by an adder]
  1442 | D:3      | Noticed a scorpion
  1508 | D:3      | Killed a scorpion
  1509 | D:3      | Reached skill level 4 in Ranged Weapons
  1653 | D:3      | Reached XP level 5. HP: 25/25 MP: 8/8
  1876 | D:3      | HP: 1/25 [orc wizard/magic dart (11)]
  2001 | D:3      | Reached skill level 5 in Ranged Weapons
  2104 | D:3      | Found a transporter.
  2104 | D:3      | Noticed Dega's ghost (amateur SpHu)
  2133 | D:3      | Found a transporter.
  2174 | D:3      | Noticed Terence
  2237 | D:3      | Killed Terence
  2285 | D:3      | Reached XP level 6. HP: 30/30 MP: 9/9
  2293 | D:3      | Found a burning altar of Makhleb.
  2358 | D:3      | Reached skill level 6 in Ranged Weapons
  2572 | D:4      | Found a bloodstained altar of Trog.
  2572 | D:4      | Found a white marble altar of Elyvilon.
  2572 | D:4      | Found a stormy altar of Qazlal.
  2779 | D:4      | Found a staircase to the Ecumenical Temple.
  2788 | Temple   | Entered the Ecumenical Temple
  2799 | Temple   | Became a worshipper of Warmaster Okawaru
  3115 | D:4      | Found a glowing golden altar of the Shining One.
  3232 | D:4      | Reached XP level 7. HP: 35/35 MP: 10/10
  3579 | D:5      | Entered Level 5 of the Dungeon
  3646 | D:5      | Reached skill level 7 in Ranged Weapons
  3646 | D:5      | Reached skill level 1 in Stealth
  3778 | D:5      | Reached skill level 1 in Invocations
  3969 | D:5      | Found a blossoming altar of Fedhas.
  4295 | D:5      | Reached * piety under Okawaru
  4427 | D:5      | Found a shimmering blue altar of Sif Muna.
  4503 | D:5      | Gained mutation: You occasionally shout uncontrollably at
                  | your foes. [potion of mutation]
  4503 | D:5      | Gained mutation: You are clumsy. (Dex -2) [potion of
                  | mutation]
  4503 | D:5      | Gained mutation: You have a pair of small horns on your
                  | head. [potion of mutation]
  4504 | D:5      | Lost mutation: You have a pair of small horns on your head.
                  | [potion of mutation]
  4504 | D:5      | Lost mutation: You occasionally shout uncontrollably at
                  | your foes. [potion of mutation]
  4504 | D:5      | Lost mutation: You are clumsy. (Dex -2) [potion of
                  | mutation]
  4504 | D:5      | Gained mutation: You occasionally lose the ability to drink
                  | potions when taking damage. [potion of mutation]
  4504 | D:5      | Gained mutation: You expend magic power (3 MP) to
                  | strengthen your wands. [potion of mutation]
  4505 | D:5      | Lost mutation: You expend magic power (3 MP) to strengthen
                  | your wands. [potion of mutation]
  4505 | D:5      | Lost mutation: You occasionally lose the ability to drink
                  | potions when taking damage. [potion of mutation]
  4505 | D:5      | Gained mutation: You have a pair of small horns on your
                  | head. [potion of mutation]
  4551 | D:6      | Reached skill level 8 in Ranged Weapons
  4584 | D:6      | Reached XP level 8. HP: 39/39 MP: 11/11
  4643 | D:6      | Identified the +5 quarterstaff "Heschir" {distort, rElec
                  | rPois Int+3}
  4740 | D:6      | Found an opulent altar of Gozag.
  4992 | D:7      | Killed from afar by an electric eel

Illustrated notes

Levels and vault maps discovered:
D:1:      onia_arrival_mini_maze, layout_rooms, chequers_ecumenical_altar_lobes,
          nicolae_shop_unique_rings, minmay_tetromino_l2
D:2:      layout_basic
D:3:      layout_basic, demons_altar, gammafunk_ghost_stat_death, uniq_terence
D:4:      layout_basic, mainiacjoe_overflow_cross_hatched,
          grunt_temple_overflow_open, minmay_temple_entry_offerings,
          minmay_tree_intersection
D:5:      layout_loops_cross, fedhas_altar_4, lemuel_blue_sif_altar
D:6:      layout_rooms, lemuel_doored_altar
D:7:      layout_loops_corners, marbit_many_paths, nemelex_diamond_rough_becter,
          water_boxes_lemuel, uniq_maggie
Temple:   nicolae_temple_great_sept

Skill      XL: |  1  2  3  4  5  6  7  8 |
---------------+-------------------------+-----
Ranged Weapons | 3 4 5 6 8 |  8.8
Fighting       | 1 2 |  2.5
Stealth        | 1 |  1.0
Invocations    | 1 2 |  2.1
Dodging        | 3 |  3.3
Spellcasting   | |  1.8
Hexes          | |  3.9

Action                     |  1- 3 |  4- 6 |  7- 9 || total
---------------------------+-------+-------+-------++-------
   Fire: Sling             |   115 |   283 |   228 ||   626
   Cast: Slow              |     3 |       |       ||     3
    Use: Scroll            |       |       |    10 ||    10
         Potion            |       |       |     3 ||     3
 Armour: Robe              |       |     8 |    18 ||    26
  Dodge: Dodged            |    25 |    63 |   102 ||   190

Table legend: (Time is in decaauts)
 A = Elapsed time spent in this place.
 B = Non-inter-level travel time spent in this place.
 C = Inter-level travel time spent in this place.
 D = Time resting spent in this place.
 E = Time spent auto-exploring this place.
 F = Levels seen in this place.
 G = Mean time per level.
                   A        B        C        D        E       F      G
               +--------+--------+--------+--------+--------+-----+--------+
         Total |   3578 |   3440 |    138 |    176 |   2099 |   8 |  447.2 |
       Dungeon |   3563 |   3437 |    126 |    176 |   2099 |   7 |  509.0 |
        Temple |     14 |      2 |     12 |      0 |      0 |   1 |   14.0 |
               +--------+--------+--------+--------+--------+-----+--------+

Top non-repeatable levels by time:
     D:3: 964 daAuts
     D:5: 614 daAuts
     D:2: 583 daAuts
     D:4: 561 daAuts
     D:1: 476 daAuts
     D:6: 335 daAuts
     D:7: 28 daAuts
  Temple: 14 daAuts
